 Dungeon Crawl Stone Soup version 0.28-a0-514-g0d7ab7f379 (webtiles) character file.

Game seed: 8550559029714681484

39209 speeev33 the Warrior (level 13, -3/130 HPs)
             Began as a Minotaur Berserker on Sept 22, 2021.
             Was a High Priest of Trog.
             Slain by a minotaur (7 damage)
             ... in a Gauntlet.
             The game lasted 00:27:25 (14708 turns).

speeev33 the Warrior (Minotaur Berserker)          Turns: 14708, Time: 00:27:26

Health: -3/130     AC: 22    Str: 28    XL:     13   Next: 68%
Magic:  12/12      EV: 13    Int:  4    God:    Trog [*****.]
Gold:   1198       SH:  4    Dex:  9    Spells: 12/12 levels left

rFire   + . .      SeeInvis .   a - +9 sword of Zonguldrok {reap}
rCold   . . .      Faith    .   E - +0 buckler
rNeg    . . .      Spirit   .   h - +1 plate armour
rPois   +          Reflect  .   J - +1 hat of Supple Strength {rF+}
rElec   .          Harm     .   (no cloak)
rCorr   .          Rampage  .   B - +0 pair of gloves
Will    .....      NoTele   +   z - +0 pair of boots
Stlth   ..........              q - amulet of regeneration
HPRegen 1.31/turn               j - ring of poison resistance
MPRegen 0.13/turn               v - +4 ring of evasion

@: lethally poisoned (-3 -> -3), on berserk cooldown, slowed, very slow
A: horns 2, retaliatory headbutt
a: Renounce Religion, Berserk, Trog's Hand, Brothers in Arms


You were in a Gauntlet.
You worshipped Trog.
Trog was extremely pleased with you.
You visited 2 branches of the dungeon, and saw 16 of its levels.
You also visited: Gauntlet.

You collected 1198 gold pieces.

Inventory:

Hand Weapons
 a - the +9 sword of Zonguldrok (weapon) {reap}
   (You found it on level 2 of the Lair of Beasts)

   Any living foe damaged by it may be reanimated upon death as a zombie
   friendly to the wielder, with an increasing chance as more damage is dealt.
 b - a +1 trident of freezing
Armour
 h - a +1 plate armour (worn)
 z - a +0 pair of boots (worn)
 B - a +0 pair of gloves (worn)
 E - a +0 buckler (worn)
 J - the +1 hat of Supple Strength (worn) {rF+}
   (You found it in a Gauntlet)

   rF:        It protects you from fire.
Jewellery
 j - a ring of poison resistance (left hand)
 n - a ring of willpower
 q - an amulet of regeneration (around neck)
 v - a +4 ring of evasion (right hand)
 w - a ring of positive energy
 D - a ring of ice
 F - an amulet of the acrobat
 K - a ring of protection from fire
Wands
 c - a wand of polymorph (15)
 l - a wand of flame (28)
 C - a wand of acid (15)
 H - a wand of charming (15)
 I - a wand of iceblast (19)
Scrolls
 m - a scroll of holy word
 r - a scroll of fog
 s - a scroll of blinking {unknown}
 u - 6 scrolls of teleportation
 x - 2 scrolls of brand weapon
 y - 4 scrolls of magic mapping
 A - a scroll of enchant armour
Potions
 d - 4 potions of lignification
 e - 3 potions of might
 f - 2 potions of haste
 g - 4 potions of heal wounds
 i - 6 potions of curing
 k - 2 potions of flight
 o - a potion of ambrosia
 p - a potion of attraction
 t - 2 potions of cancellation
Miscellaneous
 G - a phial of floods


   Skills:
 + Level 16.6 Fighting
 + Level 8.7 Long Blades
 - Level 14.0 Polearms
 + Level 16.4 Armour
 - Level 2.1 Dodging
 - Level 4.0 Shields


You had 12 spell levels left.
You didn't know any spells.
Your spell library was empty.

Dungeon Overview and Level Annotations

Branches:
Dungeon (11/15)            Temple (0/1) D:4            Lair (5/6) D:11
 Shoals (0/4) Lair:4       Spider (0/4) Lair:4          Orc (0/2) D:9
Gauntlet (1/1)
  Slime: Lair:5-6

Altars:
Ashenzari
Dithmenos
Fedhas
Okawaru
Qazlal
Ru
Trog
Uskayaw
Vehumet
Xom
Beogh

Shops:
D:3 :

Annotations:
D:3 3 runed translucent doors, CraigForest's ghost, amateur BaFi
D:7 3 runed translucent doors, mathmaestro's ghost, novice TrMo
Lair:1 exclusion: oklob plant
Lair:4 exclusion: oklob plant Gauntlet 8 transporters, 2 runed translucent doors, exclusion: obsidian statue


Innate Abilities, Weirdness & Mutations

You have a pair of horns on your head.
You reflexively headbutt those who attack you in melee.


Message History

The minotaur closely misses you. The minotaur gores you!
You slice the minotaur!! You headbutt the minotaur!
The minotaur is moderately wounded.
You feel sick.
You slash the minotaur! You headbutt the minotaur!!
The minotaur is severely wounded.
You are no longer berserk.
You are exhausted.
You feel yourself slow down.
You feel sick.
The minotaur hits you but does no damage.
The minotaur gores you but does no damage.
You slash the minotaur!
The minotaur is almost dead.
You feel sick.
The minotaur hits you with a +2 short sword of venom!
The minotaur gores you! The minotaur barely misses you.
The minotaur gores you but does no damage.
You barely miss the minotaur.
The minotaur is almost dead.
You feel sick.
You are no longer poisoned.
The minotaur hits you with a +2 short sword of venom!!
The minotaur gores you but does no damage.
Unknown command.
You hit the minotaur but do no damage.
The minotaur is almost dead.
The minotaur hits you with a +2 short sword of venom!
The minotaur gores you but does no damage.
The minotaur hits you with a +2 short sword of venom.
You are poisoned.
The minotaur gores you.
You slash the minotaur! You headbutt the minotaur.
The minotaur is almost dead.
You feel very sick.
The minotaur hits you with a +2 short sword of venom!!
* * * LOW HITPOINT WARNING * * *
The minotaur gores you!
* * * LOW HITPOINT WARNING * * *
The minotaur hits you with a +2 short sword of venom!
You die...

######### #.......#
#.#####.# #.#.. #.#
#.#H# #.# #.#@# #.#
#.#.# #.# #.#.###.#
#.#.....# #.#######
#.....# #####.#
#########.#########
#.................#


You could see a minotaur.

Vanquished Creatures
  Fannar (Lair:1)
  4 hydras
  A boulder beetle (Lair:2)
  3 two-headed ogres
  5 death yaks (Lair:5)
  2 death scarabs (Gauntlet)
  A soul eater (Gauntlet)
  2 spectral death yaks (Gauntlet)
  An ugly thing (D:7)
  5 black mambas
  Joseph (D:8)
  8 cane toads
  2 rime drakes (Lair:2)
  8 komodo dragons
  2 trolls (D:9)
  2 jumping spiders (Lair:4)
  A polar bear (Lair:1)
  A hornet (D:8)
  16 blink frogs
  5 dream sheep (Lair:4)
  A redback (Lair:4)
  3 centaur simulacra (Gauntlet)
  Sigmund (D:5)
  4 wyverns
  A wraith (D:10)
  A spectral komodo dragon (Gauntlet)
  28 yaks
  2 basilisks
  3 steam dragons
  12 water moccasins
  6 orc warriors
  2 black bears (Lair:1)
  An ice beast (D:6)
  24 wolves
  A phantom (D:4)
  4 centaurs
  3 kobold brigands
  14 bullfrogs
  3 scorpions
  A wyvern zombie (D:7)
  2 gnoll sergeants
  A water moccasin zombie (D:6)
  3 water moccasin skeletons
  5 wights
  11 killer bees
  An electric eel (Lair:5)
  2 howler monkeys
  A bullfrog zombie (D:6)
  4 jellies
  7 centaur zombies
  A wyvern simulacrum (Gauntlet)
  3 hounds
  3 orc priests
  A bullfrog skeleton (D:6)
  4 orc wizards
  A hound skeleton (D:4)
  2 howler monkey zombies
  20 gnolls
  7 adders
  A howler monkey skeleton (D:6)
  4 shadow imps
  A white imp (D:7)
  An ufetubus (D:6)
  2 worms
  3 dart slugs
  31 orcs
  5 ball pythons
  8 endoplasms
  3 giant cockroaches
  9 goblins
  6 hobgoblins
  5 jackals
  24 kobolds
  7 quokkas
  A bat (D:2)
  2 frilled lizards
  3 rats
381 creatures vanquished.

Vanquished Creatures (collateral kills)
  A black mamba (Lair:4)
  A yak (Lair:4)
  2 basilisks
  2 wolves (Lair:2)
6 creatures vanquished.

Vanquished Creatures (others)
  17 fungi
  26 plants
43 creatures vanquished.

Grand Total: 430 creatures vanquished

Notes
Turn   | Place    | Note
-------+----------+-------------------------------------------
     0 | D:1      | speeev33 the Minotaur Berserker began the quest for the
                  | Orb.
     0 | D:1      | Reached XP level 1. HP: 19/19 MP: 0/0
   313 | D:1      | Reached XP level 2. HP: 27/27 MP: 1/1
   619 | D:1      | Found a faded altar of an unknown god.
   887 | D:2      | Reached XP level 3. HP: 29/33 MP: 2/2
  1222 | D:2      | Reached ** piety under Trog
  1683 | D:2      | Reached XP level 4. HP: 41/41 MP: 3/3
  2179 | D:3      | Found a sacrificial altar of Ru.
  2373 | D:3      | Found Gicuewk's Book Shop.
  2448 | D:3      | Found a runed translucent gate.
  2448 | D:3      | Found a runed translucent gate.
  2448 | D:3      | Found a runed translucent gate.
  2451 | D:3      | Noticed CraigForest's ghost (amateur BaFi)
  2996 | D:3      | Noticed a scorpion
  3003 | D:3      | Killed a scorpion
  3004 | D:3      | Reached skill level 5 in Fighting
  3004 | D:3      | Reached skill level 5 in Polearms
  3004 | D:3      | Reached XP level 5. HP: 47/48 MP: 4/4
  3451 | D:4      | Found a staircase to the Ecumenical Temple.
  3547 | D:4      | Noticed a phantom
  3561 | D:4      | Reached *** piety under Trog
  3580 | D:4      | Killed a phantom
  3581 | D:4      | Reached XP level 6. HP: 50/56 MP: 5/5
  3719 | D:4      | Reached skill level 5 in Armour
  4088 | D:4      | Found a radiant altar of Vehumet.
  4293 | D:5      | Entered Level 5 of the Dungeon
  4590 | D:5      | Noticed Sigmund
  4600 | D:5      | Killed Sigmund
  4601 | D:5      | Reached XP level 7. HP: 64/64 MP: 6/6
  4784 | D:5      | Found a blossoming altar of Fedhas.
  5244 | D:6      | Found a shadowy altar of Dithmenos.
  5290 | D:6      | Reached XP level 8. HP: 73/73 MP: 7/7
  5350 | D:6      | Reached **** piety under Trog
  5748 | D:7      | Found a runed translucent gate.
  5748 | D:7      | Found a runed translucent gate.
  5748 | D:7      | Found a runed translucent gate.
  5920 | D:7      | Identified the +7 dagger "Qupp" {flame, rC+ rCorr Dex-3}
  5994 | D:7      | Noticed a two-headed ogre
  6043 | D:7      | Killed a two-headed ogre
  6044 | D:7      | Reached XP level 9. HP: 83/83 MP: 8/8
  6201 | D:7      | Noticed mathmaestro's ghost (novice TrMo)
  6286 | D:7      | Noticed a cyan ugly thing
  6296 | D:7      | Killed a cyan ugly thing
  6317 | D:7      | Reached skill level 10 in Fighting
  6317 | D:7      | Reached skill level 10 in Polearms
  6544 | D:7      | Reached skill level 10 in Armour
  6706 | D:7      | Reached ***** piety under Trog
  6884 | D:8      | Noticed Joseph
  6892 | D:8      | Killed Joseph
  6893 | D:8      | Reached XP level 10. HP: 94/94 MP: 9/9
  6967 | D:8      | Identified the +6 dagger of Extinguishment {spect, rElec
                  | Int+4}
  7566 | D:9      | Noticed a two-headed ogre
  7576 | D:9      | Killed a two-headed ogre
  8069 | D:9      | Found a staircase to the Orcish Mines.
  8235 | D:10     | Entered Level 10 of the Dungeon
  8290 | D:10     | Found a stormy altar of Qazlal.
  8290 | D:10     | Found a bloodstained altar of Trog.
  8330 | D:10     | Found an iron altar of Okawaru.
  8458 | D:10     | Reached XP level 11. HP: 104/104 MP: 10/10
  8821 | D:10     | Found a shimmering altar of Xom.
  8931 | D:10     | Found a broken altar of Ashenzari.
  9346 | D:11     | Noticed a two-headed ogre
  9371 | D:10     | Killed a two-headed ogre
  9532 | D:11     | Found a staircase to the Lair.
  9716 | Lair:1   | Entered Level 1 of the Lair of Beasts
  9723 | Lair:1   | Noticed an oklob plant
  9727 | Lair:1   | Noticed Fannar
  9738 | Lair:1   | Killed Fannar
  9842 | Lair:1   | Found a hide-covered altar of Uskayaw.
 10282 | Lair:1   | Reached skill level 1 in Shields
 10491 | Lair:1   | Noticed an eight-headed hydra
 10501 | Lair:1   | Killed an eight-headed hydra
 10627 | Lair:1   | Reached XP level 12. HP: 106/116 MP: 11/11
 11151 | Lair:2   | Received a gift from Trog
 11350 | Lair:2   | Found the +9 sword of Zonguldrok {reap}
 11372 | Lair:2   | Noticed an eight-headed hydra
 11385 | Lair:2   | Killed an eight-headed hydra
 11386 | Lair:2   | Reached skill level 1 in Long Blades
 11897 | Lair:2   | Reached skill level 15 in Fighting
 12248 | Lair:3   | Reached skill level 15 in Armour
 12332 | Lair:3   | Reached skill level 5 in Long Blades
 12732 | Lair:4   | Noticed a seven-headed hydra
 12740 | Lair:4   | Killed a seven-headed hydra
 12748 | Lair:4   | Reached XP level 13. HP: 127/127 MP: 12/12
 12834 | Lair:4   | Identified the +5 war axe of the Smoking Puffin {antimagic,
                  | Stlth+}
 13174 | Lair:4   | Found a staircase to the Shoals.
 13583 | Lair:4   | Found a hole to the Spider Nest.
 14187 | Lair:5   | Received a gift from Trog
 14294 | Lair:5   | Found a gate leading to a gauntlet.
 14303 | Gauntlet | Entered a Gauntlet
 14303 | Gauntlet | Found a transporter.
 14316 | Gauntlet | Found a transporter.
 14318 | Gauntlet | Found a transporter.
 14331 | Gauntlet | Found a transporter.
 14333 | Gauntlet | Found a transporter.
 14341 | Gauntlet | Found a transporter.
 14356 | Gauntlet | Found a transporter.
 14367 | Gauntlet | Found a transporter.
 14374 | Gauntlet | Found a runed translucent door.
 14377 | Gauntlet | Found a transporter.
 14378 | Gauntlet | Found a runed translucent door.
 14391 | Gauntlet | Found a transporter.
 14391 | Gauntlet | Found a transporter.
 14405 | Gauntlet | Found a transporter.
 14408 | Gauntlet | Found a runed translucent door.
 14414 | Gauntlet | Found a transporter.
 14415 | Gauntlet | Found a transporter.
 14637 | Gauntlet | Identified the +1 hat of Supple Strength {rF+}
 14708 | Gauntlet | HP: 4/130 [minotaur (14)]
 14708 | Gauntlet | Slain by a minotaur

Illustrated notes

Levels and vault maps discovered:
D:1:      erik_arrival_triangle_small, layout_basic,
          dreamdust_ecumenical_altar_angels_and_demons, grunt_decor_fettered
D:2:      layout_loops_corners, minmay_diced_spiral
D:3:      minmay_diamond_boxcup, layout_loops_cross,
          mainiacjoe_overflow_concentric_impassable, gammafunk_ghost_necromancy,
          serial_shops, nicolae_diamond_shop, chequers_serial_rivers_micro_c,
          columned_hall_lemuel
D:4:      layout_loops_ring, vehumet_altar_wand_db,
          minmay_temple_entry_nine_rooms, hangedman_decor_diamond_cutter,
          chequers_serial_rivers_large_a, hangedman_decor_slide_cut,
          st_stairs_2, grunt_ministairs_10
D:5:      layout_rooms, kennysheep_little_box, uniq_sigmund
D:6:      layout_gridville, nicolae_dithmenos_through_a_glass_darkly
D:7:      layout_rooms, ebering_ghost_rock_garden, minmay_alternating_orb
D:8:      layout_cave_pools, kennysheep_small_circle, uniq_joseph
D:9:      layout_cross, minmay_orc_entry_temple_small, serial_park,
          serial_park_tiny_pond, serial_park_tiny_1, serial_park_tiny_pond,
          serial_park_avenue1, serial_park_square3 [serial_park_minivault_5x5_6]
D:10:     layout_irregular_city, grunt_temple_overflow_open,
          cheibrodos_ashenzari_chains, lemuel_crystal_altar
D:11:     layout_long_grid, david_lair_shrubbed
Lair:1:   layout_regular_city, lemuel_oklob_altar, grunt_megastairs_2,
          uniq_fannar
Lair:2:   layout_regular_city
Lair:3:   layout_concentric_octagons, grunt_megastairs_1
Lair:4:   layout_cave_pods, elwin_shoals_entry_rocks, spider_nest_entry_a,
          minmay_lair_oklob_bushes
Lair:5:   layout_roguey, gauntlet_entry_generic, serial_bayou_pond_c,
          grunt_megastairs_4, serial_bayou_shore_a, uniq_urug
Gauntlet: minmay_gauntlet_77_tree [minmay_gauntlet_arena_77_mirror,
          minmay_gauntlet_arena_77_box, minmay_gauntlet_arena_77_path,
          minmay_gauntlet_arena_77_chump_sandwich,
          minmay_gauntlet_arena_77_cramped, minmay_gauntlet_arena_77_braids,
          minmay_gauntlet_arena_77_tiled_triplets, gauntlet_exit_spiral]

Skill      XL: |  1  2  3  4  5  6  7  8  9 10 11 12 13 |
---------------+----------------------------------------+-----
Fighting       | 4 5 6 7 9 10 12 13 15 16 | 16.6
Polearms       | 4 5 6 7 9 10 12 13 14 | 14.0
Armour         | 3 4 6 8 10 12 13 15 16 | 16.4
Shields        | 2 4 |  4.0
Long Blades    | 5 8 |  8.7
Dodging        | |  2.1

Action                   |  1- 3 |  4- 6 |  7- 9 | 10-12 | 13-15 || total
-------------------------+-------+-------+-------+-------+-------++-------
Melee: Spear             |    94 |     9 |       |       |       ||   103
       Headbutt          |    13 |    26 |    45 |   152 |    44 ||   280
       Trident           |       |   164 |   242 |   576 |     3 ||   985
       Double sword      |       |       |       |   127 |   178 ||   305
Invok: Berserk           |       |     1 |     3 |     5 |     2 ||    11
       Brothers in Arms  |       |       |       |     2 |       ||     2
       Trog's Hand       |       |       |       |     1 |       ||     1
  Use: Scroll            |     4 |     5 |     7 |     7 |     5 ||    28
 Stab: Distracted        |       |       |     1 |       |       ||     1
Armor: Animal skin       |     6 |       |       |       |       ||     6
       Ring mail         |    10 |       |       |       |       ||    10
       Chain mail        |       |    35 |       |       |       ||    35
       Plate armour      |       |    35 |   103 |   374 |    96 ||   608
Dodge: Dodged            |    24 |    44 |    81 |   394 |    91 ||   634
Block: Buckler           |       |       |       |    57 |    26 ||    83

Table legend: (Time is in decaauts)
 A = Elapsed time spent in this place.
 B = Non-inter-level travel time spent in this place.
 C = Inter-level travel time spent in this place.
 D = Time resting spent in this place.
 E = Time spent auto-exploring this place.
 F = Levels seen in this place.
 G = Mean time per level.
                   A        B        C        D        E       F      G
               +--------+--------+--------+--------+--------+-----+--------+
         Total |  14676 |  14136 |    540 |   2234 |   8747 |  17 |  863.3 |
       Dungeon |   9851 |   9409 |    442 |   1679 |   5914 |  11 |  895.5 |
          Lair |   4415 |   4317 |     98 |    519 |   2683 |   5 |  883.0 |
      Gauntlet |    409 |    409 |      0 |     35 |    149 |   1 |  409.0 |
               +--------+--------+--------+--------+--------+-----+--------+

Top non-repeatable levels by time:
  Lair:4: 1444 daAuts
    D:10: 1321 daAuts
     D:2: 1259 daAuts
  Lair:2: 1103 daAuts
     D:4: 1103 daAuts
  Lair:1: 1075 daAuts
     D:3: 1075 daAuts
     D:7: 1043 daAuts
     D:1: 862 daAuts
     D:8: 859 daAuts
     D:5: 789 daAuts
     D:6: 668 daAuts
     D:9: 624 daAuts
  Lair:3: 623 daAuts
Gauntlet: 409 daAuts
